 Dungeon Crawl Stone Soup version 0.31-a0-180-g519b7de00c (webtiles) character file.

Game seed: 6814296769485987109

110 Ijustatesigmund the Stinger (level 4, 0/26 (28) HPs)
             Began as an Octopode Venom Mage on June 20, 2023.
             Slain by a wight
             ... wielding a +4 short sword of freezing
              (9 damage)
             ... on level 3 of the Dungeon.
             The game lasted 00:04:21 (2455 turns).

Ijustatesigmund the Stinger (Octopode Venom Mage)   Turns: 2455, Time: 00:04:21

HP:   0/26 (28)     AC:  1    Str:  7    XL:     4   Next: 91%
MP:   8/8           EV: 13    Int: 25    God:
Gold: 158           SH:  0    Dex: 12    Spells: 6/9 levels left

rFire   . . .        f - +0 long sword (vamp)
rCold   . . .        (no shield)
rNeg    . . .        (helmet restricted)
rPois   .            (no amulet)
rElec   .            e - +6 ring of intelligence
rCorr   .            (no ring)
SInv    .            (no ring)
Will    .....        (no ring)
Stlth   +++          (no ring)
HPRegen 0.24/turn    (no ring)
MPRegen 0.11/turn    (no ring)
                     (no ring)

%: no passive effects
@: drained, invisible
A: almost no armour, amphibious, 8 rings, camouflage 1, gelatinous body 1,
(nimble swimmer 1), tentacles
a: no special abilities


You were on level 3 of the Dungeon.
You visited 1 branch of the dungeon, and saw 3 of its levels.

You collected 158 gold pieces.

Inventory:

Hand Weapons
 f - a +0 vampiric long sword (weapon)
Jewellery
 e - a +6 ring of intelligence (left tentacle)
 h - an amulet of the acrobat
Wands
 c - a wand of polymorph (6)
Potions
 a - 3 potions of magic
 d - 2 potions of ambrosia {unknown}
 i - a potion of lignification {unknown}
 k - a potion of heal wounds {unknown}


   Skills:
 - Level 1.0 Fighting
 - Level 2.0 Dodging
 - Level 2.6 Stealth
 + Level 3.1 Spellcasting
 - Level 1.0 Transmutations
 + Level 1.9 Air Magic
 + Level 4.7 Poison Magic


You had 6 spell levels left.
You knew the following spells:

 Your Spells              Type           Power      Damage    Failure   Level
a - Sting                 Tmut/Pois      72%        1d6       3%          1
b - Poisonous Vapours     Pois/Air       40%        N/A       3%          2

Your spell library contained the following spells:

 Spells                   Type           Power      Damage    Failure   Level
 Passwall                 Tmut/Erth      5%         N/A       12%         2
 Mephitic Cloud           Conj/Pois/Air  15%        N/A       12%         3
 Swiftness                Air            13%        N/A       14%         3
 Olgreb's Toxic Radiance  Pois           27%        N/A       14%         4
 Ensorcelled Hibernation  Hex/Ice        6%         N/A       16%         2


Dungeon Overview and Level Annotations

Branches:
Dungeon (3/15)

Altars:


Innate Abilities, Weirdness & Mutations

You cannot wear most types of armour.
You are amphibious.
You can wear up to eight rings at the same time.
Your skin changes colour to match your surroundings (Stealth+).
Your rubbery body absorbs attacks. (AC +1, EV +1)
((You are camouflaged when in or above water. (Stealth+)))
You have tentacles for arms and can constrict up to eight enemies at once.


Message History

The kobold is moderately wounded.
You constrict the kobold.
You kill the kobold!
No target in view!
No target in view!
No target in view!
No target in view!
No target in view!
No target in view!
No target in view!
No target in view!
No target in view!
HP restored.
d - 2 purple potions
Found an escape hatch in the floor.
As you read the scroll labelled JOK YXKEGH, it crumbles to dust.
The air around you briefly surges with heat, but it dissipates.
It was a scroll of immolation.
As you read the scroll labelled GITE YD YTEIT, it crumbles to dust.
It is a scroll of brand weapon.
Your +0 long sword thirsts for the lives of mortals!
f - a +0 vampiric long sword (weapon)
A wight is nearby!
Casting: Poisonous Vapours (safe; 3% risk of failure)
Confirm with . or Enter, or press ? or * to list all spells.
You can't see any susceptible monsters within range! (Use Z to cast anyway.)
There is an open door here.
You fade into invisibility!
The wight hits you with a +4 short sword of freezing!
You feel drained. The wight freezes you.
You hit the wight but do no damage. You grab the wight.
You squeeze the wight, but do no damage.
You constrict the wight.
The wight hits you with a +4 short sword of freezing.
You feel drained. The wight freezes you. The wight misses you.
You hit the wight.
The wight is lightly damaged.
You constrict the wight, but do no damage.
The wight hits you with a +4 short sword of freezing!
You die...

.....#...... #..
.>......... #..
........# ###.. .......#
#.... #......# ###....##
#......# ........#
##......#
.........####....####.
..........@z'.........
.........####....####.
.........####.........
.........##...........
.........##...........
#......).........#####
... +..................#
....#.....#...#...######
....+.....+...'...+


You could see a wight (unable to see you).

Vanquished Creatures
  Ijyb (D:3)
  4 adders
  An orc (D:3)
  2 ball pythons
  4 bats
  4 endoplasms
  2 giant cockroaches
  3 goblins
  4 hobgoblins
  7 jackals (D:1)
  3 quokkas (D:1)
  4 frilled lizards
  5 kobolds
  3 rats
47 creatures vanquished.

Notes
Turn   | Place    | Note
-------+----------+-------------------------------------------
     0 | D:1      | Ijustatesigmund the Octopode Venom Mage began the quest for
                  | the Orb.
     0 | D:1      | Reached XP level 1. HP: 11/11 MP: 3/3
   211 | D:1      | Reached XP level 2. HP: 11/18 MP: 1/5
   217 | D:1      | Reached skill level 1 in Fighting
   339 | D:1      | Learned a level 2 spell: Poisonous Vapours
   368 | D:1      | Reached skill level 4 in Poison Magic
   714 | D:1      | Reached XP level 3. HP: 23/23 MP: 6/6
  1182 | D:2      | Reached skill level 1 in Air Magic
  1517 | D:2      | Reached XP level 4. HP: 21/28 MP: 3/8
  2173 | D:3      | Noticed Ijyb
  2221 | D:3      | Killed Ijyb
  2404 | D:3      | Identified the +0 ring mail of Greed {Drain rPois rCorr
                  | Int+2}
  2455 | D:3      | Slain by a wight

Illustrated notes

Levels and vault maps discovered:
D:1:      minmay_arrival_four_houses, layout_basic,
          chequers_serial_rivers_room_a, serial_bayou_pond_e,
          minmay_stone_trees_medium
D:2:      layout_basic
D:3:      layout_basic, grunt_temple_overflow_champion_of_chaos,
          basic_ecumenical_altar, uniq_ijyb

Skill      XL: |  1  2  3  4 |
---------------+-------------+-----
Fighting       | 1 |  1.0
Poison Magic   | 4 |  4.7
Air Magic      | 1 |  1.9
Spellcasting   | 3 |  3.1
Dodging        | |  2.0
Stealth        | |  2.6
Transmutations | |  1.0

Action                     |  1- 3 |  4- 6 || total
---------------------------+-------+-------++-------
  Melee: Unarmed           |    14 |     1 ||    15
         Tentacles         |    16 |     4 ||    20
         Constrict         |     7 |    10 ||    17
         Long sword        |    28 |    25 ||    53
   Cast: Sting             |    20 |     4 ||    24
         Poisonous Vapours |    10 |     9 ||    19
    Use: Scroll            |       |     4 ||     4
         Potion            |       |     1 ||     1
   Stab: Sleeping          |     1 |     1 ||     2
 Armour: Skin              |     2 |     4 ||     6
  Dodge: Dodged            |    30 |    21 ||    51

Table legend: (Time is in decaauts)
 A = Elapsed time spent in this place.
 B = Non-inter-level travel time spent in this place.
 C = Inter-level travel time spent in this place.
 D = Time resting spent in this place.
 E = Time spent auto-exploring this place.
 F = Levels seen in this place.
 G = Mean time per level.
                   A        B        C        D        E       F      G
               +--------+--------+--------+--------+--------+-----+--------+
         Total |   2464 |   2407 |     57 |    645 |   1416 |   3 |  821.3 |
       Dungeon |   2464 |   2407 |     57 |    645 |   1416 |   3 |  821.3 |
               +--------+--------+--------+--------+--------+-----+--------+

Top non-repeatable levels by time:
     D:1: 1067 daAuts
     D:3: 765 daAuts
     D:2: 632 daAuts
